Map: Rhoskallian LE

Players

Zoneks - Winner!

  • Race: Terran Terran
  • Spawn Location: 6:00

SalmO - Winner!

  • Race: Zerg Zerg
  • Spawn Location: 5:00

qqq

  • Race: Zerg Zerg
  • League: Platinum
  • Spawn Location: 11:00

Massa

  • Race: Terran Terran
  • League: Platinum
  • Spawn Location: 12:00

VOD

Have the link to the VOD?

Description

Time

  • Played on: Nov. 28, 2020, 10:14 a.m.
  • Length: 20:38
Show
View Real Time Build Order
Export as new Build Order

Zoneks Terran - Winner!

Build Orders: 2 Factory, Gas First Reaper Expand, Mech 

Get SALT Encoding   

  12  0:00  SCV  
  13  0:12  SCV  
  14  0:18  Supply Depot  
  14  0:25  SCV  
  15  0:31  Refinery  
  15  0:40  SCV  
  16  0:47  Barracks  
  16  0:53  SCV  
  17  1:06  SCV  
  18  1:18  SCV  
  19  1:33  Orbital Command  
  19  1:35  Reaper  
  20  1:40  Supply Depot  
  20  1:58  Command Center  
  20  2:00  SCV  
  21  2:07  Marine  
  22  2:13  SCV  
  23  2:25  Refinery, Factory  
  23  2:36  Factory  
  21  2:48  SCV  
  22  3:00  SCV  
  23  3:12  SCV  
  23  3:23  Factory Tech Lab  
  23  3:24  SCV  
  23  3:26  Factory Tech Lab  
  24  3:29  Armory  
  24  3:33  Orbital Command  
  24  3:36  SCV  
  25  3:42  Siege Tank  
  25  3:44  Supply Depot  
  28  3:48  SCV  
  28  3:54  Siege Tank  
  32  3:57  Refinery  
  32  3:59  SCV  
  32  4:00  Refinery, SCV  
  34  4:11  SCV  
  34  4:12  Supply Depot  
  34  4:13  SCV  
  34  4:16  Terran Vehicle Weapons Level 1  
  36  4:21  Hellion  
  36  4:23  SCV  
  39  4:34  Hellion  
  39  4:35  SCV x2  
  43  4:42  Hellion  
  42  4:51  SCV x2  
  41  4:55  Hellion  
  43  5:03  SCV x2, Hellion  
  47  5:07  Factory  
  47  5:08  Infernal Pre-Igniter  
  47  5:09  Mag-Field Accelerator  
  47  5:15  SCV x2  
  47  5:16  Siege Tank  
  47  5:19  Supply Depot  
  47  5:20  Supply Depot  
  52  5:30  Siege Tank  
  55  5:36  SCV x2  
  55  5:41  Engineering Bay  
  57  5:48  SCV x2, Siege Tank  
  62  5:52  Factory Tech Lab  
  62  5:55  Factory  
  62  6:00  SCV x2  
  64  6:09  Siege Tank  
  64  6:10  Terran Vehicle And Ship Armor Level 1  
  67  6:15  Missile Turret  
  67  6:19  Missile Turret  
  67  6:20  Missile Turret  
  67  6:23  Missile Turret, Siege Tank  
  70  6:33  Siege Tank  
  61  7:18  Hellion  
  61  7:20  Factory Tech Lab  
  61  7:22  Siege Tank x2  
  69  7:23  SCV x2  
  71  7:35  SCV x2  
  73  7:39  Siege Tank  
  76  7:45  Starport  
  76  7:47  SCV x2  
  76  7:48  Starport  
  76  7:50  Command Center  
  78  8:16  SCV x2  
  78  8:17  Missile Turret  
  78  8:19  Hellion, Missile Turret  
  77  8:28  SCV x2, Hellion x2  
  77  8:29  Thor  
  89  8:40  Thor, Missile Turret  
  88  9:02  Terran Vehicle Weapons Level 2  
  85  9:10  SCV  
  86  9:24  SCV  
  86  9:35  SCV  
  85  9:39  Supply Depot  
  85  9:41  Supply Depot  
  85  10:02  Thor  
  85  10:03  Cyclone  
  94  10:31  Supply Depot  
  94  10:32  Supply Depot  
  94  10:33  Supply Depot  
  94  10:36  Widow Mine x2  
  98  10:46  Widow Mine  
  100  10:52  Thor  
  100  10:57  Thor x2  
  59  11:56  Cyclone x4  
  59  11:58  SCV  
  59  11:59  SCV  
  73  12:11  SCV x2  
  72  12:23  SCV x2  
  72  12:28  Cyclone  
  77  12:35  SCV  
  75  13:07  Cyclone x3  
  78  13:22  Viking  
  66  13:52  Viking  
  66  14:23  Viking  
  56  15:06  Siege Tank  
  59  15:08  SCV  
  60  15:20  SCV  
  61  15:28  Factory Tech Lab, Factory  
  61  15:29  Factory  
  61  15:32  SCV  
  41  15:38  Siege Tank  
  44  15:49  Command Center  
  44  16:02  Siege Tank  
  47  16:10  SCV, Siege Tank  
  51  16:22  SCV  
  52  16:47  Siege Tank x2  
  52  16:48  Factory Tech Lab  
  52  16:56  Factory Tech Lab  
  49  17:06  Engineering Bay  
  49  17:19  Siege Tank  
  47  17:46  Orbital Command  
  45  18:05  Missile Turret  
  45  18:13  Viking  
  45  18:19  SCV x2  
  49  18:26  Hellion x4  
  57  18:27  Orbital Command  
  57  18:31  SCV x2  
  59  18:47  Hellion  
  61  18:56  Hellion x2  
  65  19:09  Missile Turret  
  65  19:15  Hellion x2  
  69  19:17  Hellion  
  69  19:20  SCV x3  
  74  19:27  Refinery  
  74  19:29  Refinery  
  74  19:32  SCV  
  74  19:35  SCV  
  74  19:36  SCV  
  74  19:37  Refinery x2, Command Center  
  77  19:44  SCV  
  78  19:47  SCV  
  78  19:49  SCV  
  80  19:56  SCV  
  81  20:01  Starport  
  81  20:20  SCV x2  
  83  20:27  Starport  
  83  20:30  Starport  
Show
View Real Time Build Order
Export as new Build Order

SalmO Zerg - Winner!

Build Orders: Hatch First 

Get SALT Encoding   

  12  0:00  Drone  
  13  0:08  Drone  
  14  0:18  Overlord  
  14  0:36  Drone x2  
  14  0:37  Drone  
  17  0:57  Drone  
  17  0:58  Hatchery  
  17  1:00  Extractor  
  16  1:09  Drone  
  17  1:20  Spawning Pool  
  16  1:28  Drone x2  
  18  1:34  Drone  
  19  1:46  Drone  
  20  1:52  Overlord  
  20  2:13  Drone, Queen x2  
  20  2:14  Zergling x2  
  20  2:15  Zergling x2  
  27  2:24  Roach Warren  
  27  2:26  Drone  
  28  2:30  Drone  
  28  2:46  Drone x2  
  30  2:55  Drone  
  31  3:13  Roach x2  
  31  3:15  Drone  
  31  3:16  Overlord x2  
  36  3:35  Drone x4  
  36  3:36  Drone  
  36  3:40  Queen  
  43  3:43  Drone  
  43  3:44  Drone  
  43  3:46  Extractor, Hatchery, Roach  
  45  3:56  Drone  
  45  3:59  Drone  
  47  4:16  Roach x2  
  51  4:20  Overlord x3  
  49  4:31  Drone  
  49  4:32  Drone  
  51  4:39  Extractor, Lair  
  51  4:43  Evolution Chamber  
  51  4:44  Roach x4  
  51  4:45  Roach  
  59  5:05  Extractor  
  58  5:11  Zerg Missile Weapons Level 1  
  58  5:17  Drone x8  
  66  5:27  Queen  
  66  5:38  Spore Crawler  
  66  5:39  Spore Crawler  
  64  5:43  Spore Crawler  
  64  5:45  Spore Crawler  
  64  5:49  Hydralisk Den  
  61  5:51  Drone x5  
  61  5:52  Overlord  
  61  5:53  Drone x2  
  61  5:54  Drone x2  
  70  6:00  Drone x5, Spore Crawler  
  75  6:04  Ravager x4  
  75  6:05  Ravager  
  75  6:10  Overseer  
  79  6:15  Pneumatized Carapace  
  79  6:16  Drone x2  
  81  6:20  Drone  
  81  6:21  Overlord  
  82  6:29  Grooved Spines  
  82  6:53  Roach  
  82  6:54  Roach x7  
  85  7:06  Drone x2  
  85  7:07  Drone x8  
  84  7:24  Hatchery  
  83  7:32  Zerg Ground Armor Level 1  
  83  7:37  Overlord  
  83  7:38  Overlord  
  83  7:41  Muscular Augments  
  83  7:50  Overlord x3  
  83  8:03  Drone  
  83  8:04  Drone x3  
  87  8:12  Lair  
  87  8:13  Hydralisk  
  87  8:14  Hydralisk  
  87  8:15  Hydralisk  
  93  8:28  Hydralisk x3  
  99  8:38  Hydralisk x2  
  99  8:39  Hydralisk x3  
  109  8:43  Hydralisk  
  109  8:44  Hydralisk x2  
  115  8:57  Nydus Network  
  114  9:36  Overlord x2  
  114  9:37  Overlord x6  
  111  10:01  Hydralisk  
  111  10:02  Hydralisk x4  
  102  10:24  Hydralisk x3  
  102  10:25  Hydralisk  
  110  10:43  Roach x3  
  104  11:12  Roach x8  
  111  11:55  Hydralisk  
  111  11:56  Hydralisk x9  
  109  12:48  Hydralisk x5  
  109  12:49  Hydralisk  
  121  13:02  Spire  
  121  13:03  Drone x2  
  110  13:41  Hydralisk x3  
  110  13:48  Nydus Network  
  110  14:41  Corruptor  
  110  14:42  Corruptor x2  
  116  15:12  Zergling x2  
  116  15:13  Zergling x8  
  119  15:26  Hatchery  
  108  15:49  Roach  
  111  15:50  Roach x2  
  92  17:17  Roach x3  
  92  17:18  Roach x3  
  96  17:46  Roach x2  
  96  17:47  Roach x2  
  96  17:48  Overseer  
  99  18:00  Drone x2  
  101  18:27  Drone x3  
  104  18:37  Hatchery  
  104  19:24  Drone x4  
  104  19:25  Drone x2  
  104  19:29  Hatchery  
  104  20:16  Drone  
  104  20:17  Drone x8  
  113  20:28  Infestation Pit  
Show
View Real Time Build Order
Export as new Build Order

qqq Zerg 

Build Orders: Hatch First, Brood Lord Corruptor 

Get SALT Encoding   

  12  0:00  Drone  
  13  0:08  Drone  
  14  0:31  Overlord  
  14  0:49  Drone  
  15  0:53  Drone  
  15  0:57  Hatchery  
  15  0:59  Drone  
  16  1:09  Drone  
  17  1:25  Drone  
  18  1:26  Spawning Pool  
  18  1:27  Extractor  
  16  1:42  Drone x2  
  18  1:51  Drone  
  19  2:08  Drone  
  20  2:09  Overlord  
  20  2:15  Extractor  
  19  2:16  Drone  
  19  2:17  Queen  
  19  2:18  Queen  
  24  2:27  Metabolic Boost  
  24  2:29  Zergling x2  
  25  2:31  Zergling x2  
  27  2:38  Spine Crawler  
  27  2:40  Zergling x2  
  27  2:43  Drone  
  28  2:46  Drone  
  30  2:52  Extractor, Zergling x2  
  30  2:54  Drone  
  30  2:55  Drone  
  32  3:04  Drone, Baneling Nest  
  32  3:05  Drone  
  33  3:17  Zergling x2  
  34  3:23  Zergling x2  
  34  3:25  Drone  
  36  3:33  Overlord  
  36  3:42  Lair  
  36  3:45  Overlord  
  36  3:49  Hatchery  
  36  3:51  Baneling  
  36  3:52  Baneling x2  
  36  3:54  Zergling x4  
  37  4:00  Zergling x2  
  37  4:01  Drone  
  37  4:02  Zergling x2  
  40  4:07  Drone  
  40  4:08  Zergling x2  
  43  4:10  Zergling x2  
  43  4:15  Zergling x4  
  45  4:23  Zergling x2  
  45  4:24  Zergling x4  
  46  4:31  Zergling x2  
  43  4:51  Zergling x6  
  43  4:52  Drone x3  
  45  4:53  Drone  
  46  5:01  Zergling x2  
  46  5:03  Zergling x2  
  48  5:10  Spire  
  48  5:11  Drone x2  
  48  5:12  Zergling x2  
  50  5:14  Zergling x2  
  51  5:26  Hatchery  
  45  5:28  Zergling x6  
  45  5:29  Drone x3  
  45  5:30  Drone  
  45  5:34  Queen  
  53  5:43  Zergling x4  
  53  5:45  Drone x3  
  53  5:47  Extractor  
  53  5:49  Extractor x2  
  55  5:55  Drone x2  
  55  5:56  Drone  
  58  6:01  Overlord x2  
  58  6:11  Overlord  
  58  6:19  Drone  
  58  6:20  Drone x6  
  65  6:31  Mutalisk x3  
  71  6:34  Drone x2  
  73  6:40  Spine Crawler  
  71  6:53  Mutalisk  
  71  6:54  Mutalisk x2  
  71  7:01  Zergling x6  
  77  7:02  Drone x2  
  69  7:19  Extractor  
  69  7:21  Spine Crawler  
  68  7:22  Drone  
  68  7:23  Drone x7  
  68  7:25  Spine Crawler  
  68  7:27  Spine Crawler  
  68  7:29  Mutalisk x2  
  73  7:30  Mutalisk  
  73  7:33  Zerg Flyer Weapons Level 1  
  79  7:41  Extractor  
  78  7:48  Mutalisk  
  78  7:50  Overlord x2  
  80  7:57  Hatchery  
  79  7:59  Overlord x2  
  79  8:04  Queen  
  78  8:20  Mutalisk x2  
  78  8:21  Mutalisk x3  
  86  8:27  Mutalisk  
  86  8:29  Drone x6  
  86  8:30  Drone x2  
  96  8:47  Mutalisk x3  
  102  8:49  Drone x4  
  106  8:58  Extractor  
  106  9:00  Extractor  
  106  9:02  Spore Crawler  
  103  9:04  Spore Crawler, Infestation Pit  
  103  9:08  Mutalisk  
  103  9:09  Zergling x6  
  107  9:10  Drone, Zergling x4  
  107  9:11  Drone x5  
  114  9:25  Drone x2  
  114  9:26  Queen  
  118  9:35  Overlord x4  
  118  9:59  Corruptor x3  
  122  10:01  Hive  
  122  10:04  Mutalisk x3  
  130  10:09  Drone  
  130  10:10  Drone x2  
  130  10:12  Overlord  
  130  10:13  Mutalisk x2  
  137  10:16  Drone x3  
  140  10:25  Mutalisk  
  140  10:27  Overlord x4  
  142  10:30  Hatchery  
  141  10:39  Zergling x4  
  141  10:40  Zergling x2  
  120  11:15  Greater Spire  
  120  11:16  Corruptor x6  
  108  11:34  Drone x4  
  108  11:35  Drone x2  
  92  11:58  Drone x6  
  99  12:08  Drone x3  
  99  12:11  Extractor  
  99  12:13  Overlord  
  99  12:15  Hydralisk Den  
  92  12:18  Drone  
  92  12:20  Extractor  
  92  12:22  Extractor  
  65  12:32  Brood Lord x5  
  65  12:36  Brood Lord  
  73  12:40  Brood Lord  
  73  12:42  Drone x6  
  73  12:43  Drone x5, Hatchery  
  85  12:50  Corruptor  
  87  12:55  Hatchery  
  78  13:00  Drone x4  
  78  13:01  Hatchery  
  78  13:05  Lair  
  79  13:23  Hatchery  
  77  13:28  Hydralisk x2  
  77  13:29  Hydralisk  
  83  13:34  Drone x2  
  83  13:35  Drone x7  
  83  13:36  Lurker Den  
  76  14:00  Hydralisk x7  
  76  14:01  Hydralisk  
  87  14:26  Spine Crawler x2  
  87  14:27  Spine Crawler  
  87  14:29  Spine Crawler x3  
  53  14:39  Hydralisk  
  53  14:40  Hydralisk  
  53  14:44  Lurker  
  42  14:45  Drone x2  
  37  15:07  Drone  
  37  15:08  Drone x3  
  32  15:55  Overlord  
  32  16:24  Drone x2  
  34  16:27  Overlord  
  31  17:29  Drone x5  
  36  17:43  Hatchery  
    18:59  Drone  
  1  19:13  Drone  
  2  19:19  Drone  
  3  19:27  Spawning Pool  
  3  19:29  Drone  
  3  19:41  Drone  
  2  20:14  Zergling x6  
Show
View Real Time Build Order
Export as new Build Order

Massa Terran 

Build Orders:  

Get SALT Encoding   

  12  0:00  SCV  
  13  0:12  SCV  
  14  0:23  Supply Depot  
  14  0:24  SCV  
  15  0:42  Refinery  
  15  0:45  SCV  
  15  0:46  Barracks  
  16  0:57  SCV  
  17  1:09  SCV  
  18  1:21  SCV  
  19  1:33  SCV, Reaper  
  21  1:42  Supply Depot  
  21  1:47  Orbital Command  
  21  1:50  Supply Depot  
  21  2:05  Marine  
  22  2:15  SCV  
  23  2:22  Command Center  
  23  2:24  Barracks Reactor  
  22  2:48  SCV  
  23  3:00  SCV  
  23  3:02  Marine  
  23  3:03  Marine  
  26  3:05  Barracks  
  26  3:08  Factory  
  26  3:13  SCV  
  27  3:20  Marine  
  27  3:21  Marine  
  29  3:32  SCV  
  30  3:35  Orbital Command  
  30  3:38  Marine x2  
  30  3:41  Command Center  
  32  3:44  SCV  
  32  3:46  Engineering Bay  
  33  3:53  Factory Tech Lab  
  33  3:55  Marine  
  33  3:56  SCV, Barracks Tech Lab  
  33  3:57  Marine  
  36  4:04  SCV  
  36  4:08  SCV  
  38  4:13  Starport  
  38  4:16  SCV  
  39  4:20  SCV  
  40  4:28  SCV  
  41  4:32  SCV  
  42  4:40  SCV  
  36  4:54  Siege Tank  
  36  4:55  Marauder, Marine x2  
  36  4:57  SCV x2  
  36  4:59  Orbital Command  
  45  5:02  Refinery  
  45  5:04  Refinery, Medivac  
  47  5:08  Refinery  
  47  5:09  SCV x2  
  47  5:13  Marine x2  
  51  5:16  Marauder  
  54  5:21  SCV x2  
  55  5:30  Marine  
  55  5:31  Marine  
  55  5:33  SCV  
  58  5:37  SCV x2, Marine  
  58  5:41  Liberator  
  64  5:45  SCV  
  64  5:48  Marine x2  
  64  5:49  SCV x2  
  69  5:51  Stimpack  
  69  6:01  Barracks  
  69  6:02  Barracks  
  69  6:04  Missile Turret  
  69  6:06  Missile Turret  
  69  6:10  Supply Depot  
  69  6:11  Supply Depot  
  69  6:15  Supply Depot  
  69  6:31  SCV x2, Marine x2  
  69  6:32  Cyclone, Marauder  
  76  6:49  Marine x2  
  76  6:53  Marauder  
  80  7:01  Barracks Tech Lab  
  80  7:02  Barracks Reactor  
  80  7:24  Marauder x2, Marine x2  
  80  7:26  Starport Reactor  
  86  7:32  SCV x2  
  88  7:42  Marine x2  
  88  7:44  SCV x2  
  92  7:47  Missile Turret  
  92  7:48  Missile Turret  
  92  7:49  Marine, Missile Turret  
  92  7:50  Orbital Command  
  93  7:51  Combat Shield  
  93  7:53  Concussive Shells  
  93  8:00  Supply Depot  
  93  8:01  Supply Depot  
  93  8:03  Supply Depot x2  
  93  8:04  Terran Infantry Weapons Level 1  
  93  8:09  Armory  
  93  8:22  SCV x3, Marauder, Marine x2, Siege Tank  
  93  8:23  Marauder  
  105  8:31  Marine  
  105  8:32  Marine  
  107  8:34  SCV  
  107  8:35  SCV x2, Medivac  
  107  8:36  Medivac  
  107  8:39  Marine  
  115  8:44  Marauder x2  
  115  8:46  SCV  
  120  9:00  Siege Tank  
  123  9:05  Marauder  
  125  9:42  Refinery, SCV  
  125  9:43  Refinery  
  125  9:46  Supply Depot  
  125  9:47  Supply Depot  
  125  9:48  Supply Depot x3  
  125  10:07  Marine x4  
  125  10:08  SCV x3, Marauder, Siege Tank  
  125  10:09  Marauder  
  125  10:11  Supply Depot x2  
  125  10:13  Supply Depot  
  133  10:15  Supply Depot  
  133  10:20  SCV x2  
  104  10:25  Marine x4  
  104  10:27  Medivac x2  
  112  10:29  Marauder  
  112  10:30  Marauder  
  112  10:32  SCV  
  117  10:41  Siege Tank  
  120  10:43  Marine  
  121  10:51  Marauder  
  121  10:52  Marauder  
  119  10:57  Medivac x2  
  119  10:58  Marine x3  
  119  11:01  Marine  
  121  11:12  Marauder  
  121  11:13  Marauder  
  121  11:15  Marine  
  121  11:16  Marine x2  
  123  11:19  Marine  
  124  11:27  Liberator x2  
  91  11:33  Marauder, Marine  
  91  11:34  Marauder, Marine x2  
  91  11:36  Marine  
  84  11:44  Siege Tank  
  76  11:52  Marine  
  64  11:54  Marine  
  64  11:55  Marauder  
  64  11:56  Marauder  
  61  12:16  Orbital Command  
  55  12:28  Orbital Command  
  42  12:56  SCV  
  43  13:07  Barracks  
  43  13:08  SCV, Barracks x3  
  44  13:19  Barracks x2  
  44  13:20  SCV, Barracks  
  44  13:22  Supply Depot x2  
  44  13:24  Supply Depot  
  39  13:32  SCV  
  39  13:34  SCV  
  21  13:44  SCV  
  21  13:46  SCV  
  23  13:53  Supply Depot  
  23  13:57  Marine x3  
  23  13:58  SCV  
  23  14:00  Marine  
  23  14:01  Factory x3  
  28  14:10  SCV  
  28  14:15  Marine x3  
  32  14:17  Bunker x2, Marine  
  32  14:18  Bunker, Marine x3  
  32  14:22  SCV  
  37  14:25  SCV  
  38  14:33  Marine x3  
  38  14:34  SCV  
  38  14:35  Marine x3  
  38  14:36  Marine  
  38  14:37  SCV  
  47  14:42  Marine  
  48  14:46  Factory Tech Lab x3, SCV  
  48  14:49  SCV  
  48  14:50  Marine  
  48  14:51  Marine x2  
  53  14:53  Marine x3  
  53  14:54  Marine  
  53  14:55  Supply Depot  
  53  14:57  Supply Depot  
  53  14:58  SCV, Supply Depot  
  58  15:00  Marine  
  58  15:01  SCV  
  58  15:05  Siege Tank x3  
  69  15:08  Marine  
  69  15:10  Refinery  
  70  15:17  SCV, Marine x7  
  70  15:18  Supply Depot x2  
  70  15:19  Supply Depot  
  70  15:21  Supply Depot  
  78  15:22  Supply Depot x2  
  78  15:26  Marine, Supply Depot  
  76  15:34  Marine x5  
  79  15:37  Siege Tank x2  
  79  15:40  Siege Tank  
  79  15:41  Marine x2  
  90  15:44  Marine  
  91  15:52  Marine x3  
  73  15:59  Marine x4  
  73  16:02  Marine  
  73  16:03  SCV  
  73  16:04  SCV  
  76  16:09  Siege Tank x2  
  76  16:10  Marine, Supply Depot x2  
  83  16:12  Siege Tank  
  83  16:15  SCV  
  87  16:21  Marine  
  87  16:22  Marine x6  
  89  16:28  Marine  
  88  16:40  Marine  
  88  16:45  Marine  
  51  17:43  Marine  
  52  17:45  Marine  
  52  17:46  Marine x2  
  54  18:01  Marine  
  54  18:03  Marine  
  54  18:04  Marine x2  
  58  18:12  Factory Tech Lab x2  
  58  18:19  Marine  
  59  18:21  Marine x3  
  59  18:22  Orbital Command  
  62  19:08  Supply Depot  
  62  19:09  Supply Depot x2  
  62  19:11  Engineering Bay  
  62  19:21  Barracks Tech Lab  
  62  19:24  Barracks Reactor  
  62  19:26  Barracks Reactor  
  62  19:40  Supply Depot  
  62  19:43  Supply Depot  
  62  19:44  Supply Depot  
  53  20:01  SCV, Marine  
  53  20:04  Siege Tank  
  58  20:14  SCV  
  59  20:15  Starport  
  59  20:19  Marine  
Tags
 
Add a new tag
Caveats
  • Supply blocks, unpowered buildings, or Contaminate may cause inaccurate times.
  • Supply counts are checked every 10 seconds.